 Dungeon Crawl Stone Soup version 0.31.0-11-ge490571c62 (webtiles) character file.

Game seed: 15188076854471518040

3409 qw the Skirmisher (level 9, -2/52 HPs)
             Began as a Deep Elf Hunter on Feb 4, 2024.
             Was a Believer of Okawaru.
             Slain by Grum
             ... wielding a -1 spear
              (11 damage)
             ... on level 9 of the Dungeon.
             The game lasted 00:00:37 (7560 turns).

qw the Skirmisher (Deep Elf Hunter)                 Turns: 7560, Time: 00:00:38

Health: -2/52      AC:  6    Str: 12    XL:     9   Next: 75%
Magic:  14/14      EV: 14    Int: 15    God:    Okawaru [**....]
Gold:   489        SH:  0    Dex: 18    Spells: 8/8 levels left

rFire   . . .        h - +0 orcbow
rCold   + . .        (shield currently unavailable)
rNeg    . . .        g - +0 ring mail
rPois   .            (no helmet)
rElec   .            b - +0 cloak
rCorr   .            (no gloves)
SInv    .            (no boots)
Will    +....        (no amulet)
Stlth   +            e - ring of willpower
HPRegen 0.28/turn    f - ring of protection from cold
MPRegen 0.14/turn

%: no passive effects
@: about to teleport
A: no striking features
a: Renounce Religion, Heroism


You were on level 9 of the Dungeon.
You worshipped Okawaru.
Okawaru was pleased with you.
You visited 2 branches of the dungeon, and saw 10 of its levels.
You also visited: Sewer.

You collected 489 gold pieces.


   Skills:
 - Level 4.0 Fighting
 + Level 14.9 Ranged Weapons
 - Level 2.0 Armour
 - Level 6.8 Dodging
 - Level 1.2 Stealth
 - Level 4.0 Invocations


You had 8 spell levels left.
You didn't know any spells.
Your spell library was empty.

Inventory:

Hand Weapons
 h - a +0 orcbow (weapon)
Armour
 b - a +0 cloak (worn)
 g - a +0 ring mail (worn)
Jewellery
 e - a ring of willpower (left hand)
 f - a ring of protection from cold (right hand)
Wands
 o - a wand of quicksilver (10)
Potions
 a - a potion of might
 d - 2 potions of curing
 i - a potion of resistance
 k - a potion of magic {unknown}
 l - a potion of lignification {unknown}
 n - a potion of enlightenment {unknown}

Dungeon Overview and Level Annotations

Branches:
Dungeon (9/15)             Temple (1/1) D:4           Sewer (visited)
   Lair: D:8-11         Orc: D:9-12

Altars:
Ashenzari
Cheibriados
Dithmenos
Elyvilon
Fedhas
Gozag
Makhleb
Nemelex Xobeh
Okawaru
Qazlal
Ru
Sif Muna
Trog
Uskayaw
Vehumet
Wu Jian
Xom
Yredelemnul
Zin
The Shining One

Shops:
D:1 ([?   D:2 =   D:3 :

Annotations:
D:4 4 runed translucent doors, Crazy Yiuf; qw's ghost, amateur DEHu
D:9 Grum


Message History

You shoot an arrow. The arrow hits the orc warrior.
The orc warrior is heavily wounded.
The orc warrior shoots an arrow.
The arrow misses you.
You shoot an arrow.
The arrow completely misses the orc warrior.
An orc comes into view. It is wielding a +0 mace.
The orc warrior shoots an arrow.
The arrow hits you.
You shoot an arrow.
The arrow barely misses the orc warrior.
You shoot an arrow. The arrow hits the orc warrior.
The orc warrior is severely wounded.
The orc warrior shoots an arrow.
The arrow hits you!
You shoot an arrow.
The arrow closely misses the orc warrior.
The arrow hits the orc.
The orc is almost dead.
The orc warrior shoots an arrow.
The arrow hits you.
7555 ||| READING 2 scrolls of teleportation.
As you read the scroll of teleportation, it crumbles to dust.
You feel strangely unstable.
The orc warrior shoots an arrow.
The arrow hits you.
You shoot an arrow. The arrow hits the orc warrior!
You kill the orc warrior!
Okawaru accepts your kill.
You shoot an arrow. The arrow closely misses the orc.
You shoot an arrow. The arrow closely misses the orc.
You shoot an arrow. The arrow barely misses the orc.
Your surroundings suddenly seem different.
An orc, Grum, a wolf and 4 yaks come into view.
Found 6 gold pieces and 7 stones.
The orc shouts!
Grum growls angrily.
The yak bellows! x2
The wyvern hisses angrily.
You hear a shout!
Grum barely misses you.
A yak comes into view.
7560 ||| READING scroll of teleportation.
As you read the scroll of teleportation, it crumbles to dust.
You feel strangely unstable.
The yak bellows!
Grum hits you with a -1 spear!
You die... #....... #. ...# .... #...o##. #. ...##(... ...). #. .#.. ......... ..... .. ..... #....k... .... gg.

#...##........
).. )..
#.............
)...
#.........YYYY
#.....@gY.....
.....$.....hoo.
...............
#..............
#.....##.......
...... .......
...... .o.##..
##.... ...# ..


You could see Grum, 5 yaks, a wyvern, a wolf, an orc priest, an orc wizard and
an orc.

Vanquished Creatures
  A warg (D:9)
  A water moccasin (D:7)
  Duvessa (D:7)
  2 ice beasts (D:6)
  An orc warrior (D:9)
  A sky beast (D:7)
  A wolf (D:9)
  A centaur (D:8)
  2 phantoms
  2 kobold brigands
  7 bullfrogs
  3 scorpions
  7 wights
  Dowan (D:7)
  A howler monkey (D:6)
  2 jellies
  2 orc priests
  2 gnoll boudas
  7 hounds
  3 sleepcaps
  5 iguanas
  6 orc wizards
  17 gnolls
  13 adders
  A river rat (D:5)
  A shadow imp (D:7)
  2 white imps (D:7)
  4 ufetubi
  A ribbon worm (D:3)
  8 dart slugs
  22 orcs
  8 bats
  6 endoplasms
  7 giant cockroaches
  2 goblins
  A hobgoblin (D:2)
  2 jackals (D:1)
  5 quokkas
  13 ball pythons
  12 frilled lizards
  12 kobolds
  8 rats
204 creatures vanquished.

Notes
Turn   | Place    | Note
-------+----------+-------------------------------------------
     0 | D:1      | qw the Deep Elf Hunter began the quest for the Orb.
     0 | D:1      | Reached XP level 1. HP: 12/12 MP: 3/3
     0 | D:1      | Noticed a formicid
     0 | D:1      | Noticed a barachi
     0 | D:1      | 0 ||| qw: Version: 0.3-a-160-g6735b56
     0 | D:1      | 0 ||| qw: Game counter: 4603
     0 | D:1      | 0 ||| qw: Melee chars always use a shield: true
     0 | D:1      | 0 ||| qw: God list: Okawaru
     0 | D:1      | 0 ||| qw: Allow faded altars: false
     0 | D:1      | 0 ||| qw: Do Orc after clearing Dungeon:15 true
     0 | D:1      | 0 ||| qw: Do second Lair branch before Depths: true
     0 | D:1      | 0 ||| qw: Lair rune preference: random
     0 | D:1      | 0 ||| qw: Goals: Normal
     0 | D:1      | 0 ||| PLANNING D:1-11
     4 | D:1      | Noticed a gargoyle
     8 | D:1      | Noticed a troll
     9 | D:1      | Noticed a tengu
    11 | D:1      | Noticed a ghoul
    13 | D:1      | Noticed a felid
    13 | D:1      | Noticed a ghoul
    15 | D:1      | Noticed an armataur
    15 | D:1      | Noticed an armataur
    17 | D:1      | Noticed a ghoul
    17 | D:1      | Noticed a vine stalker
    19 | D:1      | Noticed a spriggan
    33 | D:1      | Found Zacsu's Magic Scroll Shop.
    58 | D:1      | 58 ||| SHOPLISTING scroll of identify (24 gold, have 0).
    58 | D:1      | 58 ||| SHOPLISTING scroll of teleportation (36 gold, have
                  | 0).
    97 | D:1      | Reached XP level 2. HP: 16/16 MP: 4/4
    99 | D:1      | Reached skill level 6 in Ranged Weapons
   171 | D:1      | Found Yrepace's Antique Armour Boutique.
   184 | D:1      | 184 ||| SHOPLISTING glowing scale mail (168 gold, have 10).
   204 | D:1      | Found Yfusueho's Antique Weapon Boutique.
   211 | D:1      | 211 ||| SHOPLISTING shimmering sling (182 gold, have 19).
   421 | D:1      | 421 ||| UPGRADING to +0 ring mail.
   431 | D:1      | 431 ||| DROPPING +0 leather armour.
   432 | D:1      | 432 ||| READING scroll labelled OMOYZU ESSO.
   533 | D:1      | 533 ||| READING scroll labelled CUIZXA UCOILU.
   533 | D:1      | Identified a scroll of acquirement
   533 | D:1      | 533 ||| ACQUIRING +4 antimagic shortbow
   533 | D:1      | Acquired a +4 antimagic shortbow
   535 | D:1      | 535 ||| SWAPPING to +4 antimagic shortbow.
   536 | D:1      | 536 ||| DROPPING +0 shortbow.
   537 | D:1      | 537 ||| DRINKING 2 silvery potions.
   538 | D:1      | 538 ||| DROPPING scroll of butterflies.
   539 | D:1      | 539 ||| DROPPING potion of degeneration.
   605 | D:2      | Found Boerody's Jewellery Shop.
   609 | D:2      | 609 ||| SHOPLISTING +4 ring of slaying (780 gold, have 62).
   609 | D:2      | 609 ||| SHOPLISTING +6 ring of dexterity (360 gold, have
                  | 62).
   609 | D:2      | 609 ||| SHOPLISTING ring "Qosubuw" {Fire Will+++ Int-5
                  | Dex+5} (600 gold, have 62).
   609 | D:2      | 609 ||| SHOPLISTING ring of Atauzul {Int+5 Dex+6} (535
                  | gold, have 62).
   609 | D:2      | 609 ||| SHOPLISTING ring of protection from fire (250 gold,
                  | have 62).
   609 | D:2      | 609 ||| SHOPLISTING ring of see invisible (150 gold, have
                  | 62).
   626 | D:2      | Reached XP level 3. HP: 20/20 MP: 1/5
   939 | D:2      | Found a faded altar of an unknown god.
   971 | D:2      | Reached skill level 7 in Ranged Weapons
  1397 | D:2      | 1397 ||| READING scroll labelled TITETHYOXT.
  1401 | D:2      | 1401 ||| READING scroll labelled DEEBRE TEBEURO.
  1402 | D:2      | 1402 ||| READING scroll labelled JAWAIR ATAAT.
  1403 | D:2      | 1403 ||| DRINKING 2 cyan potions.
  1511 | D:3      | Reached XP level 4. HP: 25/25 MP: 2/6
  1539 | D:3      | Found Pikoeq Xeal's Book Boutique.
  1872 | D:3      | Reached skill level 8 in Ranged Weapons
  1876 | D:3      | Reached XP level 5. HP: 29/29 MP: 2/7
  1924 | D:3      | You fall into a shaft and drop 3 floors!
  1928 | D:6      | 1928 ||| READING 2 scrolls labelled ZITA LOLUAMUA.
  1928 | D:6      | 1928 ||| IDENTIFYING bubbling purple potion
  1929 | D:6      | 1929 ||| READING scroll of identify.
  1929 | D:6      | 1929 ||| IDENTIFYING metallic sapphire potion
  1930 | D:6      | 1930 ||| DROPPING potion of attraction.
  1931 | D:6      | 1931 ||| DROPPING potion of ambrosia.
  1940 | D:5      | Entered Level 5 of the Dungeon
  1941 | D:5      | 1941 ||| PLANNING SEWER
  1966 | D:5      | Reached skill level 9 in Ranged Weapons
  2032 | D:5      | Reached XP level 6. HP: 35/35 MP: 2/8
  2102 | D:5      | Reached skill level 10 in Ranged Weapons
  2211 | D:5      | Reached skill level 3 in Dodging
  2246 | D:5      | Found a glowing drain.
  2252 | D:5      | 2252 ||| READING scroll labelled VOEG ERUHAFEGH.
  2253 | D:5      | 2253 ||| DRINKING 2 sapphire potions.
  2254 | D:5      | 2254 ||| DRINKING 2 brown potions.
  2256 | D:5      | 2256 ||| Stepping ~*~*~tactically~*~*~ (cloud).
  2353 | Sewer    | Entered a sewer
  2437 | Sewer    | Reached XP level 7. HP: 40/40 MP: 3/9
  2599 | Sewer    | Reached skill level 11 in Ranged Weapons
  2831 | Sewer    | 2831 ||| UPGRADING to ring of willpower.
  2851 | D:5      | 2851 ||| PLANNING D:1-11
  2902 | D:4      | Found a runed translucent gate.
  2904 | D:4      | Found a runed translucent gate.
  2906 | D:4      | Found a runed translucent gate.
  2907 | D:4      | Noticed qw's ghost (amateur DEHu)
  2908 | D:4      | Identified the +3 whip of the Eternal Warrior {drain, rCorr
                  | SInv}
  2931 | D:4      | Found a staircase to the Ecumenical Temple.
  2932 | D:4      | 2932 ||| PLANNING TEMPLE
  2936 | D:4      | 2936 ||| STAIRDANCE
  2943 | D:4      | 2943 ||| STAIRDANCE
  2996 | Temple   | Entered the Ecumenical Temple
  2997 | Temple   | 2997 ||| PLANNING OKAWARU WORSHIP
  3023 | Temple   | Became a worshipper of Warmaster Okawaru
  3024 | Temple   | 3024 ||| PLANNING D:1-11
  3498 | D:4      | Found a white marble altar of Elyvilon.
  3707 | D:4      | Reached skill level 12 in Ranged Weapons
  3800 | D:4      | Reached skill level 1 in Armour
  3899 | D:4      | Found a runed translucent door.
  3900 | D:4      | Noticed Crazy Yiuf
  3978 | D:4      | 3978 ||| READING scroll of identify.
  3978 | D:4      | 3978 ||| IDENTIFYING puce potion
  4206 | D:5      | Reached XP level 8. HP: 43/45 MP: 3/10
  4269 | D:5      | Reached skill level 3 in Fighting
  4413 | D:5      | 4413 ||| READING scroll of identify.
  4413 | D:5      | 4413 ||| IDENTIFYING smoky cyan potion
  4414 | D:5      | 4414 ||| DROPPING potion of invisibility.
  4854 | D:6      | 4854 ||| FLEEEEING.
  4906 | D:6      | Reached skill level 13 in Ranged Weapons
  5066 | D:6      | Reached * piety under Okawaru
  5298 | D:6      | 5298 ||| READING scroll of identify.
  5298 | D:6      | 5298 ||| IDENTIFYING glowing emerald potion
  5299 | D:6      | 5299 ||| READING scroll labelled JOCSUU POSOG.
  5299 | D:6      | 5299 ||| BRANDING +4 antimagic shortbow.
  5358 | D:6      | 5358 ||| DROPPING potion of brilliance.
  5441 | D:7      | Noticed Duvessa
  5443 | D:7      | 5443 ||| FLEEEEING.
  5444 | D:7      | 5444 ||| FLEEEEING.
  5445 | D:7      | 5445 ||| FLEEEEING.
  5446 | D:7      | 5446 ||| FLEEEEING.
  5447 | D:7      | 5447 ||| FLEEEEING.
  5455 | D:7      | Killed Duvessa
  5456 | D:7      | Reached skill level 14 in Ranged Weapons
  5460 | D:7      | Noticed Dowan
  5461 | D:7      | Killed Dowan
  5560 | D:7      | Reached skill level 1 in Invocations
  5679 | D:7      | Reached XP level 9. HP: 51/51 MP: 12/12
  5692 | D:7      | Reached skill level 3 in Invocations
  5762 | D:7      | Reached ** piety under Okawaru
  6335 | D:7      | 6335 ||| UPGRADING to +0 cloak.
  6340 | D:7      | 6340 ||| READING scroll labelled LOUNGAWIVY.
  6341 | D:7      | 6341 ||| READING 3 scrolls labelled ZIMPAE OGECUIB.
  6342 | D:7      | 6342 ||| DROPPING wand of flame (8).
  6343 | D:7      | 6343 ||| DROPPING 2 scrolls of revelation.
  6400 | D:8      | 6400 ||| RETREEEEATING.
  6401 | D:8      | 6401 ||| RETREEEEATING.
  6402 | D:8      | 6402 ||| INVOKING Heroism.
  6403 | D:8      | 6403 ||| DRINKING potion of haste.
  6407 | D:8      | Reached skill level 6 in Dodging
  6410 | D:8      | HP: 11/52 [asphyx]
  6411 | D:8      | 6411 ||| READING 3 scrolls of teleportation.
  6412 | D:8      | 6412 ||| DRINKING potion of heal wounds.
  6584 | D:8      | 6584 ||| RETREEEEATING.
  6764 | D:8      | Found a glowing silver altar of Zin.
  6765 | D:8      | 6765 ||| SWAPPING to +0 orcbow.
  6766 | D:8      | 6766 ||| DROPPING +4 shortbow of electrocution.
  7112 | D:8      | 7112 ||| UPGRADING to ring of protection from cold.
  7113 | D:8      | 7113 ||| READING scroll of identify.
  7113 | D:8      | 7113 ||| IDENTIFYING fuming white potion
  7150 | D:9      | 7150 ||| STAIRDANCE
  7221 | D:9      | 7221 ||| STAIRDANCE
  7406 | D:9      | 7406 ||| RETREEEEATING.
  7407 | D:9      | 7407 ||| RETREEEEATING.
  7408 | D:9      | 7408 ||| RETREEEEATING.
  7410 | D:9      | 7410 ||| RETREEEEATING.
  7418 | D:9      | HP: 13/52 [orc priest/+0 mace (5)]
  7419 | D:9      | 7419 ||| READING 3 scrolls of teleportation.
  7419 | D:9      | HP: 5/52 [orc priest/divine providence (8)]
  7554 | D:9      | HP: 13/52 [orc warrior/arrow (2)]
  7555 | D:9      | 7555 ||| READING 2 scrolls of teleportation.
  7559 | D:9      | Noticed Grum
  7560 | D:9      | 7560 ||| READING scroll of teleportation.
  7560 | D:9      | Slain by Grum

Levels and vault maps discovered:
D:1:      shiori_arrival_whats_in_store_for_you, layout_basic, serial_shops,
          shop, shop, shop
D:2:      layout_basic, ebering_ecumenical_altar_box, serial_shops,
          nicolae_shop_behind_doors
D:3:      layout_loops_ring, serial_shops, shop
D:4:      layout_rooms, elyvilon_altar_3, minmay_temple_entry_trees,
          biasface_ghost_orc_armoury, roderic_lattice_a, saegor_snake_ambush,
          uniq_crazy_yiuf_cottage
D:5:      layout_basic, cheibrodos_sewer_entry_sluice, grunt_decor_arrowhead
D:6:      layout_basic, minmay_crystal_room
D:7:      layout_loops_corners, st_stairs_13, minmay_misc_feat_nine_boxes,
          grunt_decor_fettered, uniq_duvessa
D:8:      layout_basic, kennysheep_mini_moat
D:9:      layout_rooms, chequers_temple_overflow_statue_of_worship, erik_orc_4,
          minivault_16, nicolae_kite_square_tiling_tiny, uniq_maggie, uniq_grum
Temple:   mainiacjoe_temple_bowtie_tessellation

Skill      XL: |  1  2  3  4  5  6  7  8  9 |
---------------+----------------------------+-----
Ranged Weapons | 6 7 8 9 10 12 14 | 14.9
Fighting       | 2 3 4 |  4.0
Dodging        | 3 5 6 |  6.8
Armour         | 1 2 |  2.0
Invocations    | 2 4 |  4.0
Stealth        | |  1.2

Action                     |  1- 3 |  4- 6 |  7- 9 || total
---------------------------+-------+-------+-------++-------
   Fire: Shortbow          |    86 |   148 |   322 ||   556
         Orcbow            |       |       |    88 ||    88
 Invoke: Heroism           |       |       |     1 ||     1
    Use: Scroll            |     5 |     3 |    11 ||    19
         Potion            |     2 |     2 |     2 ||     6
 Armour: Leather armour    |    10 |       |       ||    10
         Ring mail         |     7 |    25 |   110 ||   142
  Dodge: Dodged            |    21 |    26 |   117 ||   164

Table legend:
 A = Non-vault XP
 B = Vault XP
 C = Vault XP percentage of total XP
 D = Non-vault monster count
 E = Vault monster count
 F = Vault count percentage of total count
                 A         B        C        D         E       F
            +---------+---------+-------+---------+---------+-------
      Total |    3871 |     999 |  20.5 |     159 |      45 |  22.1
            +---------+---------+-------+---------+---------+-------
        D:1 |      33 |       0 |   0.0 |      21 |       0 |   0.0
        D:2 |      56 |       0 |   0.0 |      14 |       0 |   0.0
        D:3 |     132 |       0 |   0.0 |      21 |       0 |   0.0
        D:4 |     362 |      19 |   5.0 |      17 |       4 |  19.0
        D:5 |     643 |      17 |   2.6 |      27 |       3 |  10.0
        D:6 |     684 |       0 |   0.0 |      14 |       0 |   0.0
        D:7 |     994 |     335 |  25.2 |      21 |       3 |  12.5
        D:8 |     829 |       0 |   0.0 |      22 |       0 |   0.0
        D:9 |     138 |     354 |  72.0 |       2 |       6 |  75.0
      Sewer |       0 |     274 | 100.0 |       0 |      29 | 100.0
            +---------+---------+-------+---------+---------+-------
